 Dungeon Crawl Stone Soup version 0.25-a0-975-gcae8493d64 (webtiles) character file.

Game seed: 5333367167139682535, levelgen mode: deterministic

9377 Flugslaktarn the Grappler (level 11, 0/115 HPs)
             Began as a Troll Fighter on May 9, 2020.
             Was a Priest of Ru.
             Slain by an orc
             ... wielding a +0 falchion
              (4 damage)
             ... while paralysed by an orc sorcerer
             ... on level 11 of the Dungeon.
             The game lasted 00:06:51 (10221 turns).

Flugslaktarn the Grappler (Troll Fighter)          Turns: 10221, Time: 00:06:52

Health: 0/115      AC: 11    Str: 34    XL:     11   Next: 22%
Magic:  10/10      EV:  1    Int:  4    God:    Ru [***...]
Gold:   1694       SH:  0    Dex: 12    Spells: 10/10 levels left

rFire    . . .     SeeInvis .     - Unarmed
rCold    . . .     Gourm    +   b - +0 kite shield
rNeg     . . .     Faith    .   e - +2 robe {Archmagi}
rPois    .         Spirit   .   (helmet restricted)
rElec    .         Reflect  .   o - +0 cloak
rCorr    .         Harm     +   (gloves unavailable)
MR       .....                  (boots unavailable)
Stlth    ..........             n - amulet of harm
HPRegen  0.69/turn              l - +5 ring of strength
MPRegen  0.12/turn              C - +3 ring of strength

@: paralysed, studying Armour
A: large, unfitting armour, claws 3, large bone plates 1, yellow scales 1, fast
metabolism 3, gourmand, regeneration 1, shaggy fur 1, tough skin 3, no stealth,
inability to use devices
a: Draw Out Power, Renounce Religion


You were on level 11 of the Dungeon.
You worshipped Ru.
Ru was most pleased with you.
You were very full.

You visited 3 branches of the dungeon, and saw 13 of its levels.
You also visited: Sewer, Ossuary and Bailey.

You collected 1694 gold pieces.

Inventory:

Missiles
 D - 3 throwing nets (quivered)
Armour
 b - a +0 kite shield (worn)
 e - a +2 robe of the Archmagi (worn)
   (You found it in a bailey)
 o - a +0 cloak (worn)
   (You found it on level 2 of the Dungeon)
Jewellery
 l - a +5 ring of strength (left claw)
   (You found it on level 7 of the Dungeon)
 n - an amulet of harm (around neck)
   (You found it on level 3 of the Dungeon)
 C - a +3 ring of strength (right claw)
   (You found it on level 6 of the Dungeon)
 I - an uncursed ring of ice
   (You found it on level 9 of the Dungeon)
Scrolls
 f - 2 scrolls of magic mapping
 g - 3 scrolls of immolation
 m - 4 scrolls of fog
 r - a scroll of identify
 t - 10 scrolls of teleportation
 x - 6 scrolls of remove curse
 z - 2 scrolls of blinking
Potions
 d - 5 potions of might
 h - 2 potions of haste
 i - 9 potions of flight
 j - 3 potions of brilliance
 k - a potion of stabbing {unknown}
 q - 6 potions of curing
 w - 2 potions of heal wounds
 B - a potion of resistance {unknown}
 E - a potion of ambrosia {unknown}
 G - a potion of mutation
Books
 A - a manual of Armour
   (You found it on level 5 of the Dungeon)
Comestibles
 c - 23 rations


   Skills:
 * Level 9.0 Fighting
 + Level 6.4 Dodging
 + Level 6.4 Shields
 * Level 10.4 Unarmed Combat


You had 10 spell levels left.
You didn't know any spells.
Your spell library was empty.

Dungeon Overview and Level Annotations

Branches:
Dungeon (11/15)            Temple (1/1) D:6            Lair (1/6) D:10
  Sewer (visited)         Ossuary (visited)          Bailey (visited)
    Orc: D:9-12

Altars:
Ashenzari
Cheibriados
Dithmenos
Fedhas
Gozag
Hepliaklqana
Nemelex Xobeh
Okawaru
Ru
Trog
Vehumet
Wu Jian
Xom
Yredelemnul
Zin
The Shining One

Annotations:
D:7 exclusion: oklob plant
D:9 exclusion: orange crystal statue


Innate Abilities, Weirdness & Mutations

You are too large for most types of armour.
You have claws for hands.
Your metabolism is lightning-fast.
You like to eat raw meat.
Your natural rate of healing is unusually fast.
You are covered in fur. (AC +1)
You have extremely tough skin. (AC +3)
You cannot be stealthy.
You cannot study or use magical devices.
You are partially covered in large bone plates. (SH +4)
You are partially covered in yellow scales. (AC +2)


Message History

The orc hits you but does no damage.
The orc warrior hits you with a +0 dire flail.
The orc hits you with a +0 falchion.
The orc warrior hits you with a +0 hand axe.
The hellwing hits you but does no damage.
The hellwing hits you!
The orc sorcerer gestures at you while chanting.
You shrug off the repeated paralysis!
The orc hits you with a +0 mace.
The orc warrior hits you with a +0 dire flail!
The orc hits you but does no damage.
The orc warrior hits you with a +0 hand axe!
* * * LOW HITPOINT WARNING * * *
The hellwing hits you.
* * * LOW HITPOINT WARNING * * *
The hellwing hits you but does no damage.
The orc sorcerer hits you but does no damage.
The orc warrior hits you with a +0 dire flail!
* * * LOW HITPOINT WARNING * * *
The orc hits you but does no damage. The orc hits you with a +0 falchion.
You die...

.........)...............).)(..).
.?...............................
≈≈≈≈)≈≈≈≈≈≈≈≈....≈≈≈≈≈≈≈≈≈≈≈≈≈≈≈≈
≈≈≈≈≈≈≈≈≈≈≈≈≈....≈≈≈≈≈≈≈≈≈≈≈≈≈≈≈≈
#≈≈≈≈≈≈≈≈≈≈≈≈....≈≈≈≈≈≈≈≈≈≈≈≈####
#............................#ooo
#############''''#############...
#,,,,,***####..oo#######,,*,,#'##
*,,,,,+,,...'.oo@o.....',,*,,*,#.
*,,,,,***####.o4o#######,,*,,*,#.
************##oo##************,#.
+,,,,+,,,,,,.ooo,,,,,,,,+,,,,+,#.
+,,,,+,,,,,....o,,,,,,,,+,,,,+,#.
******,,,.......,,,,,,,,******,#.
*,,,,*,,,.(.....,,,,,,,,*,,,,*,#.
*,,,,****#####''*********,,,,*,#.
#,,,,+,,,,,,,+,,+,,,,,,,+,,,,#+##


You could see a hellwing (summoned), an orc sorcerer, 2 orc warriors and 10
orcs.

Vanquished Creatures
  An orc knight (Bailey)
  An ugly thing (D:11)
  A hornet (D:8)
  A troll (D:10)
  3 hippogriffs
  Prince Ribbit (D:5)
  Grum (D:8)
  14 wargs (D:11)
  A water moccasin (D:10)
  10 orc warriors
  4 sky beasts
  A black bear (D:10)
  A phantom (D:5)
  5 ogres
  5 wolves
  4 centaurs
  2 crocodiles
  5 bullfrogs
  4 scorpions
  4 killer bees (D:9)
  A howler monkey (D:6)
  3 electric eels (D:10)
  3 crimson imps
  2 bullfrog zombies
  7 hounds
  A jelly (D:7)
  4 bullfrog skeletons
  6 orc priests
  9 orc wizards
  6 iguanas
  7 worker ants
  A big kobold zombie (Ossuary)
  2 hound skeletons
  A hound zombie (D:6)
  7 mummies (Ossuary)
  A howler monkey zombie (D:10)
  A worker ant zombie (D:5)
  A howler monkey skeleton (D:11)
  16 gnolls
  11 adders
  5 shadow imps
  5 oozes
  2 adder skeletons
  6 worms
  3 dart slugs
  9 leopard geckos
  49 orcs
  13 bats
  12 giant cockroaches
  19 goblins
  7 hobgoblins
  14 jackals
  A quokka (D:7)
  A ball python (Sewer)
  7 frilled lizards
  3 gnoll zombies (Ossuary)
  3 hobgoblin zombies (Ossuary)
  7 kobolds
  A kobold zombie (Ossuary)
  A quokka zombie (D:7)
  5 rats
332 creatures vanquished.

Vanquished Creatures (others)
  A mummy (Ossuary)
  A shadow imp (D:10)
  A plant (D:11)
3 creatures vanquished.

Grand Total: 335 creatures vanquished

Notes
Turn   | Place    | Note
-------+----------+-------------------------------------------
     0 | D:1      | Flugslaktarn the Troll Fighter began the quest for the Orb.
     0 | D:1      | Reached XP level 1. HP: 22/22 MP: 0/0
    91 | D:1      | Reached XP level 2. HP: 25/29 MP: 1/1
   611 | D:2      | Reached XP level 3. HP: 33/36 MP: 2/2
   720 | D:2      | Found an opulent altar of Gozag.
  1151 | D:2      | Reached skill level 3 in Unarmed Combat
  1276 | D:3      | Reached XP level 4. HP: 36/45 MP: 3/3
  1943 | D:4      | Noticed an ogre
  1958 | D:4      | Killed an ogre
  1958 | D:4      | Reached XP level 5. HP: 37/53 MP: 4/4
  2111 | D:4      | Reached skill level 4 in Unarmed Combat
  2169 | D:3      | Reached XP level 6. HP: 32/62 MP: 5/5
  2369 | D:4      | Found a shattered altar of Ashenzari.
  2611 | D:5      | Entered Level 5 of the Dungeon
  2683 | D:5      | Noticed a sky beast
  2700 | D:5      | Killed a sky beast
  2806 | D:5      | Reached XP level 7. HP: 70/70 MP: 6/6
  2873 | D:5      | Reached skill level 5 in Unarmed Combat
  2980 | D:5      | Noticed Prince Ribbit
  2993 | D:5      | Killed Prince Ribbit
  3170 | D:6      | Reached skill level 5 in Fighting
  3229 | D:6      | Reached XP level 8. HP: 79/80 MP: 7/7
  3293 | D:6      | Found a radiant altar of Vehumet.
  3405 | D:6      | Reached skill level 6 in Unarmed Combat
  3473 | D:6      | Found a shadowy altar of Dithmenos.
  3515 | D:6      | Found a glowing drain.
  3519 | Sewer    | Entered a sewer
  4176 | D:6      | Found a staircase to the Ecumenical Temple.
  4221 | Temple   | Entered the Ecumenical Temple
  4368 | Temple   | Became a worshipper of Ru the Awakened
  4565 | D:7      | Found a sparkling altar of Nemelex Xobeh.
  4655 | D:7      | Noticed a hippogriff
  4663 | D:7      | Killed a hippogriff
  4663 | D:7      | Reached skill level 7 in Unarmed Combat
  4771 | D:7      | Found a radiant altar of Vehumet.
  4815 | D:7      | Reached XP level 9. HP: 89/89 MP: 8/8
  5120 | D:7      | Found a blossoming altar of Fedhas.
  5139 | D:7      | Noticed an oklob plant
  5652 | D:8      | Gained mutation: You cannot study or use magical devices.
                  | [Ru sacrifice]
  5652 | D:8      | Reached * piety under Ru
  5652 | D:8      | Reached ** piety under Ru
  5827 | D:8      | Reached skill level 5 in Dodging
  5838 | D:8      | Found a glowing golden altar of the Shining One.
  5852 | D:8      | Reached skill level 5 in Shields
  5856 | D:8      | Reached skill level 8 in Unarmed Combat
  5997 | D:8      | Found a sand-covered staircase.
  6044 | Ossuary  | Entered an ossuary
  6485 | D:8      | Noticed Grum
  6503 | D:8      | Killed Grum
  6918 | D:9      | Noticed an orange crystal statue
  6941 | D:9      | Reached XP level 10. HP: 102/102 MP: 9/9
  7346 | D:9      | Reached skill level 9 in Unarmed Combat
  7896 | D:10     | Entered Level 10 of the Dungeon
  8096 | D:10     | Found a staircase to the Lair.
  8394 | D:9      | Gained mutation: You are partially covered in yellow
                  | scales. (AC +2) [potion of mutation]
  8394 | D:9      | Gained mutation: You are partially covered in large bone
                  | plates. (SH +4) [potion of mutation]
  8609 | Lair:1   | Entered Level 1 of the Lair of Beasts
  8610 | Lair:1   | Gained mutation: You cannot be stealthy. [Ru sacrifice]
  8610 | Lair:1   | Reached *** piety under Ru
  9236 | D:11     | Found a flagged portal.
  9252 | Bailey   | Entered a bailey
  9384 | Bailey   | Noticed an orc knight
  9406 | Bailey   | Killed an orc knight
  9591 | D:11     | Reached skill level 10 in Unarmed Combat
  9753 | D:11     | Noticed a green ugly thing
  9763 | D:11     | Killed a green ugly thing
  9763 | D:11     | Reached XP level 11. HP: 68/113 MP: 10/10
 10206 | D:11     | Noticed an orc sorcerer
 10214 | D:11     | Paralysed by an orc sorcerer for 7 turns
 10221 | D:11     | HP: 4/115 [orc warrior/+0 dire flail (14)]
 10221 | D:11     | Slain by an orc

Illustrated notes

Levels and vault maps discovered:
D:1:      erik_arrival_triangle_large, layout_rooms, minivault_4,
          minmay_misc_feat_tiny
D:2:      layout_basic, nicolae_gozag_seed_capital, minmay_cupped
D:3:      layout_rooms, first_ration, kennysheep_generic_room_10
D:4:      layout_cave_pools, evilmike_ruin_ashenzari
D:5:      layout_rooms, minmay_manual_mess, uniq_prince_ribbit1
D:6:      layout_gridville, grunt_dithmenos_smoke_and_mirrors,
          lemuel_round_altar, minmay_temple_entry_overgrown,
          gup_sewer_entry_bowl
D:7:      layout_basic, nemelex_xobeh_ov_fountains_minmay, tgw_fedhas,
          basic_altar, grunt_ogre_cave
D:8:      layout_loops_corners, kennysheep_mini, nicolae_ossuary_entry_monument,
          uniq_grum
D:9:      minmay_statue_hallways, layout_basic
D:10:     layout_loops_ring, erik_lair_island
D:11:     lemuel_castle_with_subvaults [lemuel_castle_interior_original],
          layout_irregular_city, enter_bailey_3, serial_co_window_serial,
          co_window_paths_b, co_window_paths_a, co_window_paths_a,
          co_window_paths_a, co_window_paths_b, co_window_unsneaky_path_d,
          co_window_2corner, co_window_broadway_c, co_window_corner_b,
          co_window_paths_e, glass_columns_b
Temple:   regret_index_temple_generic_petals
Lair:1:   layout_regular_city, beast_lair_carwin_11

Skill      XL: |  1  2  3  4  5  6  7  8  9 10 11 |
---------------+----------------------------------+-----
Fighting       | 3 4 5 6 7 8 9 |  9.0
Unarmed Combat | 3 4 5 7 8 10 | 10.4
Dodging        | 3 4 5 6 |  6.4
Shields        | 3 4 5 6 |  6.4

Action                   |  1- 3 |  4- 6 |  7- 9 | 10-12 || total
-------------------------+-------+-------+-------+-------++-------
Melee: Unarmed           |   123 |   142 |   424 |   308 ||   997
Invok: Sacrifice Artific |       |       |     1 |       ||     1
       Sacrifice Stealth |       |       |       |     1 ||     1
  Use: Scroll            |       |     4 |     6 |     6 ||    16
       Potion            |       |       |     1 |     6 ||     7
 Stab: Sleeping          |       |     1 |       |       ||     1
       Distracted        |       |       |     1 |       ||     1
  Eat: Chunk             |    13 |    14 |    44 |    29 ||   100
Armor: Robe              |    39 |    33 |   134 |   106 ||   312
Dodge: Dodged            |    42 |    29 |   170 |   175 ||   416
Block: Kite shield       |    49 |    57 |   197 |   296 ||   599

Table legend:
 A = Non-vault XP
 B = Vault XP
 C = Vault XP percentage of total XP
 D = Non-vault monster count
 E = Vault monster count
 F = Vault count percentage of total count
                 A         B        C        D         E       F
            +---------+---------+-------+---------+---------+-------
      Total |    7778 |    5618 |  41.9 |     221 |     112 |  33.6
            +---------+---------+-------+---------+---------+-------
        D:1 |      36 |       0 |   0.0 |      19 |       0 |   0.0
        D:2 |      48 |      11 |  18.6 |      13 |       5 |  27.8
        D:3 |      85 |       2 |   2.3 |      21 |       1 |   4.5
        D:4 |     306 |       0 |   0.0 |      16 |       0 |   0.0
        D:5 |     486 |     326 |  40.1 |      13 |       5 |  27.8
        D:6 |     426 |       8 |   1.8 |      17 |       4 |  19.0
        D:7 |    1158 |     122 |   9.5 |      20 |       1 |   4.8
        D:8 |    1554 |     525 |  25.3 |      36 |       4 |  10.0
        D:9 |    1317 |       0 |   0.0 |      31 |       0 |   0.0
       D:10 |     893 |     702 |  44.0 |      14 |       7 |  33.3
       D:11 |    1469 |    2640 |  64.2 |      21 |      28 |  57.1
      Sewer |       0 |      77 | 100.0 |       0 |      25 | 100.0
    Ossuary |       0 |     170 | 100.0 |       0 |      16 | 100.0
     Bailey |       0 |    1035 | 100.0 |       0 |      16 | 100.0
            +---------+---------+-------+---------+---------+-------
